 Dungeon Crawl Stone Soup version 0.25.0-1-g7eea58d (webtiles) character file.

Game seed: 17336676284152633403

396 Illumine the Skirmisher (level 6, -6/56 HPs)
             Began as a Minotaur Fighter on June 18, 2020.
             Killed by divine providence
             ... invoked by an orc priest
              (15 damage)
             ... on level 4 of the Dungeon.
             The game lasted 00:02:14 (2814 turns).

Illumine the Skirmisher (Minotaur Fighter)          Turns: 2814, Time: 00:02:15

Health: -6/56      AC:  7    Str: 22    XL:     6   Next: 52%
Magic:  5/5        EV:  7    Int:  5    God:
Gold:   255        SH: 10    Dex: 10    Spells: 5/5 levels left

rFire    . . .     SeeInvis .   a - +0 war axe
rCold    . . .     Gourm    .   c - +0 kite shield
rNeg     . . .     Faith    .   b - +0 scale mail
rPois    .         Spirit   .   (helmet restricted)
rElec    .         Reflect  .   (no cloak)
rCorr    .         Harm     .   (no gloves)
MR       .....                  (no boots)
Stlth    ..........             (no amulet)
HPRegen  0.18/turn              (no ring)
MPRegen  0.09/turn              (no ring)

@: mighty
A: retaliatory headbutt, horns 2
a: no special abilities


You were on level 4 of the Dungeon.
You were not hungry.

You visited 1 branch of the dungeon, and saw 4 of its levels.

You collected 255 gold pieces.

Inventory:

Hand Weapons
 a - a +0 war axe (weapon)
Armour
 b - a +0 scale mail (worn)
 c - a +0 kite shield (worn)
Scrolls
 g - a scroll of enchant armour {unknown}
 h - 3 scrolls of amnesia {unknown}
 i - a scroll of fear {unknown}
 j - 2 scrolls of immolation {unknown}
 k - 4 scrolls of enchant weapon {unknown}
 n - 4 scrolls of magic mapping {unknown}
 q - a scroll of remove curse {unknown}
 r - 2 scrolls of identify {unknown}
 t - 2 scrolls of fog {unknown}
Potions
 e - a potion of curing {unknown}
 m - 2 potions of ambrosia {unknown}
 o - a potion of invisibility {unknown}
 p - 2 potions of stabbing {unknown}
 s - a potion of berserk rage {unknown}
Comestibles
 f - 7 rations
 l - 2 chunks of flesh


   Skills:
 + Level 5.5 Fighting
 + Level 4.6 Axes
 + Level 5.4 Armour
 + Level 5.4 Shields


You had 5 spell levels left.
You didn't know any spells.
Your spell library was empty.

Dungeon Overview and Level Annotations

Branches:
Dungeon (4/15)
 Temple: D:4-7

Altars:
Gozag
Xom
The Shining One


Innate Abilities, Weirdness & Mutations

You reflexively headbutt those who attack you in melee.
You have a pair of horns on your head.


Message History

You barely miss the orc priest. The orc priest hits you.
* * * LOW HITPOINT WARNING * * *
The orc priest hits you but does no damage.
You slash the orc priest!
You kill the orc priest!
You slash the orc priest! The orc priest closely misses you.
You closely miss the orc priest. Your headbutt misses the orc priest.
The orc priest is heavily wounded.
The orc priest hits you.
* * * LOW HITPOINT WARNING * * *
You block the orc priest's attack.
You closely miss the orc priest.
The orc priest is heavily wounded.
You block the orc priest's attack.
You hit the orc priest.
The orc priest is almost dead.
You block the orc priest's attack.
The orc priest mumbles some strange prayers to Beogh against you.
Beogh smites you!
You die...

#.#............#
..##...........#
...
#..........##
...
##..........#
#...
#..........#
#..........#
#.........?#
#..........#
##.....[@.##
#.....)o##
#..###.## #. $.
... !... .....
#.....


You could see an orc priest.

Vanquished Creatures
  Sigmund (D:3)
  An orc priest (D:4)
  An orc wizard (D:4)
  Terence (D:2)
  A worker ant (D:4)
  4 adders
  2 worms
  2 dart slugs
  6 leopard geckos
  2 orcs (D:4)
  2 ball pythons (D:2)
  3 bats
  10 goblins
  7 hobgoblins
  8 jackals
  12 kobolds
  4 quokkas
  6 frilled lizards
  7 rats
80 creatures vanquished.

Notes
Turn   | Place    | Note
-------+----------+-------------------------------------------
     0 | D:1      | Illumine the Minotaur Fighter began the quest for the Orb.
     0 | D:1      | Reached XP level 1. HP: 19/19 MP: 0/0
    22 | D:1      | Reached XP level 2. HP: 18/27 MP: 1/1
   810 | D:2      | Noticed Terence
   815 | D:2      | Killed Terence
   815 | D:2      | Reached XP level 3. HP: 33/33 MP: 2/2
  1153 | D:2      | Reached XP level 4. HP: 38/41 MP: 3/3
  1665 | D:2      | Found a glowing golden altar of the Shining One.
  2118 | D:3      | Reached XP level 5. HP: 35/47 MP: 4/4
  2124 | D:3      | Found a shimmering altar of Xom.
  2365 | D:3      | Noticed Sigmund
  2374 | D:3      | Killed Sigmund
  2374 | D:3      | Reached skill level 5 in Fighting
  2374 | D:3      | Reached skill level 5 in Armour
  2374 | D:3      | Reached skill level 5 in Shields
  2374 | D:3      | Reached XP level 6. HP: 32/56 MP: 5/5
  2700 | D:3      | Found an opulent altar of Gozag.
  2814 | D:4      | Killed from afar by an orc priest

Illustrated notes

Levels and vault maps discovered:
D:1:      saegor_arrival_simple_d, layout_loops_ring
D:2:      layout_loops_ring, lemuel_coloured_pillars_altar, serial_glass,
          glass_columns_b, glass_columns_b, glass_columns_a, glass_columns_a,
          glass_columns_a, glass_columns_b, glass_columns_a, glass_columns_a,
          uniq_terence
D:3:      layout_basic, nicolae_overflow_hidden_temple,
          nicolae_gozag_seed_capital, first_ration, uniq_sigmund
D:4:      layout_rooms, serial_shops, kennysheep_mini

Skill      XL: |  1  2  3  4  5 |
---------------+----------------+-----
Fighting       | 4 5 |  5.5
Armour         | 4 5 |  5.4
Shields        | 4 5 |  5.4
Axes           | 3 4 |  4.6

Action                   |  1- 3 |  4- 6 || total
-------------------------+-------+-------++-------
Melee: War axe           |    67 |   107 ||   174
       Headbutt          |    14 |    15 ||    29
  Use: Potion            |       |     1 ||     1
  Eat: Chunk             |     1 |     5 ||     6
Armor: Scale mail        |    34 |    44 ||    78
Dodge: Dodged            |    21 |    27 ||    48
Block: Kite shield       |    36 |    42 ||    78
